Edmonton Oilers vs Minnesota North Stars
Created - Friday, August 25, 2023 at 06:42
Goals
|
| Edmonton Oilers |
1 |
0 |
0 |
1 |
| Minnesota North Stars |
2 |
0 |
1 |
3 |
|
Shots
|
| Edmonton Oilers |
13 |
14 |
7 |
34 |
| Minnesota North Stars |
11 |
8 |
10 |
29 |
|
1st period
1. Edmonton Oilers , Jeff Carter 1 (Evan Bouchard 2, Brock Boeser 1) at 11:16
2. Minnesota North Stars , Adam Lowry 1 (Evgeni Malkin 1, Jack Hughes 1) at 17:41 (SH)
3. Minnesota North Stars , Viktor Arvidsson 1 (Evgeni Malkin 2) at 19:48
Penalties :
David Perron (EDM) for Holding (Minor) at 0:23, Jake DeBrusk (EDM) for Holding (Minor) at 7:36, Brandon Montour (MNS) for Fighting (Major) at 16:16, David Perron (EDM) for Fighting (Major) at 16:16, Brandon Montour (MNS) for instigated a fight (Minor) at 16:16, Brandon Montour (MNS) for instigated a fight (10 Minutes Misconduct) at 16:16
2nd period
No Goal
Penalties :
Jonathan Toews (MNS) for Tripping (Minor) at 16:48
3rd period
4. Minnesota North Stars , Rasmus Dahlin 1 (Evgeni Malkin 3) at 3:06
Penalties :
Brandon Carlo (EDM) for Roughing (Minor) at 7:08
Goalie Stats
Matt Murray (EDM), 26 saves from 29 shots - (0.897), L, 0-1-0, 60:00 minutes
Antti Raanta (MNS), 33 saves from 34 shots - (0.971), W, 1-2-0, 60:00 minutes
Players Stats for Edmonton Oilers
Player Name G A P +/- PIM S H SB GA TA FO MP PP MP PK MP
------------------------------------------------------------------------------------
Adrian Kempe 0 0 0 -3 0 6 3 0 1 2 1/1 17:16 2:00 0:00
Boone Jenner 0 0 0 -2 0 3 1 0 2 0 1/3 17:01 2:00 0:00
Brandon Carlo 0 0 0 0 2 0 3 0 0 0 0/0 21:32 0:00 2:06
Brett Pesce 0 0 0 -1 0 0 3 0 0 0 0/0 18:13 0:47 2:07
Brock Boeser 0 1 1 0 0 2 2 0 0 1 0/0 14:01 1:58 0:00
Damon Severson 0 0 0 0 0 0 1 1 0 0 0/0 19:09 2:00 0:27
David Perron 0 0 0 -1 7 3 2 1 1 0 0/0 15:35 1:13 0:00
Dawson Mercer 0 0 0 0 0 2 0 0 0 0 0/0 10:44 1:58 0:12
Derek Grant 0 0 0 0 0 2 0 0 0 0 2/3 11:29 0:00 2:51
Erik Johnson 0 0 0 -1 0 1 1 0 0 0 0/0 16:37 0:00 2:45
Evan Bouchard 0 1 1 -1 0 0 1 1 0 0 0/0 19:24 1:58 1:10
Jacob Trouba 0 0 0 0 0 0 1 2 0 0 0/0 21:27 0:00 3:19
Jake DeBrusk 0 0 0 0 2 2 2 0 1 0 1/1 16:11 1:58 0:00
Jakob Silfverberg 0 0 0 1 0 1 0 0 0 0 0/0 15:13 0:00 3:06
Jakub Voracek 0 0 0 0 0 4 0 1 0 0 0/0 8:57 0:00 0:00
Jamie Benn 0 0 0 -3 0 1 1 0 1 0 8/17 17:16 2:00 0:00
Jeff Carter 1 0 1 1 0 5 2 0 0 0 5/10 14:55 0:00 2:54
Mikael Backlund 0 0 0 0 0 2 2 0 0 0 8/14 18:59 1:58 2:51
Players Stats for Minnesota North Stars
Player Name G A P +/- PIM S H SB GA TA FO MP PP MP PK MP
------------------------------------------------------------------------------------
Adam Lowry 1 0 1 1 0 1 1 0 0 1 0/0 14:29 0:00 1:58
Alexander Barabanov 0 0 0 0 0 2 2 1 0 1 0/0 15:19 2:59 0:00
Brandon Montour 0 0 0 -1 17 1 3 1 0 0 0/0 15:36 3:15 1:11
Derick Brassard 0 0 0 0 0 4 0 1 0 1 2/2 9:48 0:00 0:00
Eeli Tolvanen 0 0 0 0 0 3 0 0 0 0 0/0 9:44 0:00 0:00
Evan Rodrigues 0 0 0 0 0 0 2 1 0 0 0/0 9:44 0:00 0:00
Evgeni Malkin 0 3 3 2 0 3 3 2 1 0 14/25 18:50 2:59 1:58
Frank Vatrano 0 0 0 1 0 0 1 0 1 0 0/1 13:14 0:00 0:00
Gustav Forsling 0 0 0 1 0 1 2 0 0 1 0/0 22:52 2:42 1:55
Jack Hughes 0 1 1 0 0 0 0 0 0 1 0/1 19:19 2:58 2:00
Jamie Oleksiak 0 0 0 0 0 0 0 3 0 0 0/0 18:39 0:00 2:03
Jeff Skinner 0 0 0 0 0 3 2 0 0 0 0/0 17:17 2:58 0:00
Jonathan Toews 0 0 0 0 2 2 0 0 0 0 3/8 12:17 0:00 0:00
Justin Holl 0 0 0 2 0 0 3 0 0 0 0/0 17:39 0:00 0:52
Neal Pionk 0 0 0 1 0 0 1 0 0 1 0/0 20:03 2:42 0:00
Rasmus Dahlin 1 0 1 1 0 3 4 1 1 0 0/0 25:10 3:15 1:55
Ryan Nugent-Hopkins 0 0 0 0 0 2 1 1 0 0 4/12 19:19 2:58 2:00
Viktor Arvidsson 1 0 1 1 0 4 1 0 0 0 0/0 16:41 2:59 0:00
3 Stars
1 - Evgeni Malkin (MNS)
2 - Antti Raanta (MNS)
3 - Rasmus Dahlin (MNS)
Power Play
Edmonton Oilers - 0 on 2 Attempt(s) - 0.00%
Minnesota North Stars - 0 on 3 Attempt(s) - 0.00%
Penalty Kill
Edmonton Oilers - 3 on 3 Attempt(s) - 100.00%
- Score 0 goal in Penalty Kill
Minnesota North Stars - 2 on 2 Attempt(s) - 100.00%
- Score 1 goal in Penalty Kill
Team Stat
Edmonton Oilers - Hits : 25 - Faceoff Wins : 26 - Blocked Shots : 6 - Penalty Minutes : 11
Minnesota North Stars - Hits : 26 - Faceoff Wins : 23 - Blocked Shots : 11 - Penalty Minutes : 19
Official
Referees : Rob Martell and Justin StPierre
Linesman : Devin Berg and Ryan Galloway
Game Notes
Brandon Montour and David Perron fight to a draw at 16:16 of 1st period
Finance
Level 1 -- Attendance: 4286 (71.43%) -- Ticket Income $428,600
Level 2 -- Attendance: 3443 (68.86%) -- Ticket Income $206,580
Level 3 -- Attendance: 2252 (75.07%) -- Ticket Income $78,820
Level 4 -- Attendance: 3743 (74.86%) -- Ticket Income $93,575
Luxury Box -- Attendance: 839 (83.90%) -- Ticket Income $167,800
Game was played at the Met Center.
Total Attendance: 14563 (72.82%)
Total Ticket Income: $975,375
Other Income: $341,381
Total Income: $1,316,756
Edmonton Oilers
5 vs 5 Forward
Center Left Wing Right Wing Time % Phy DF OF
1 Jamie Benn Adrian Kempe David Perron 31 1 2 2
2 Mikael Backlund Boone Jenner Jake DeBrusk 31 1 2 2
3 Jeff Carter Jakob Silfverberg Brock Boeser 25 1 2 2
4 Derek Grant Jakub Voracek Dawson Mercer 13 1 2 2
5 vs 5 Defense
Defense Defense Time % Phy DF OF
1 Jacob Trouba Damon Severson 32 1 2 2
2 Brandon Carlo Evan Bouchard 32 1 2 2
3 Erik Johnson Brett Pesce 26 1 3 1
4 Brandon Carlo Jacob Trouba 10 1 4 0
PowerPlay Forward
Center Left Wing Right Wing Time % Phy DF OF
1 Boone Jenner Jamie Benn Adrian Kempe 50 0 0 5
2 Mikael Backlund Jake DeBrusk Dawson Mercer 50 0 0 5
PowerPlay Defense
Defense Defense Time % Phy DF OF
1 Evan Bouchard Brock Boeser 50 0 1 4
2 Damon Severson David Perron 50 0 1 4
Penalty Kill 4 Players Forward
Center Wing Time % Phy DF OF
1 Mikael Backlund Derek Grant 50 1 4 0
2 Jeff Carter Jakob Silfverberg 50 1 4 0
Penalty Kill 4 Players Defense
Defense Defense Time % Phy DF OF
1 Brandon Carlo Jacob Trouba 55 1 4 0
2 Brett Pesce Erik Johnson 45 1 4 0
Penalty Kill - 3 Players Forward
Forward Time % Phy DF OF
1 Mikael Backlund 50 1 4 0
2 Derek Grant 50 1 4 0
Penalty Kill - 3 Players Defense
Defense Defense Time % Phy DF OF
1 Jacob Trouba Brandon Carlo 55 1 4 0
2 Brett Pesce Erik Johnson 45 1 4 0
4 vs 4 Forward
Center Wing Time % Phy DF OF
1 Boone Jenner Adrian Kempe 50 0 2 3
2 Jamie Benn Jake DeBrusk 50 0 2 3
4 vs 4 Defense
Defense Defense Time % Phy DF OF
1 Brandon Carlo Evan Bouchard 50 0 3 2
2 Brett Pesce Jacob Trouba 50 1 3 1
Last Minutes Offensive
Center Left Wing Right Wing Defense Defense
Boone Jenner Jamie Benn Adrian Kempe Evan Bouchard Damon Severson
Last Minutes Defensive
Center Left Wing Right Wing Defense Defense
Mikael Backlund Derek Grant Jakob Silfverberg Brandon Carlo Jacob Trouba
Goaltenders
Starting : Matt Murray
Backup : Juuse Saros
Extra Forwards
Normal : Boone Jenner, Adrian Kempe, Jake DeBrusk - PP : Jakub Voracek, Adrian Kempe - PK : Dawson Mercer
Extra Defensemen
Normal : Brandon Carlo, Jacob Trouba, Brett Pesce - PP : Brett Pesce - PK : Brett Pesce, Evan Bouchard
Penalty Shots
Boone Jenner, Jakob Silfverberg, Adrian Kempe, Jakub Voracek, David Perron
Minnesota North Stars
5 vs 5 Forward
Center Left Wing Right Wing Time % Phy DF OF
1 Ryan Nugent-Hopkins Jeff Skinner Jack Hughes 30 1 2 2
2 Evgeni Malkin Viktor Arvidsson Frank Vatrano 30 1 2 2
3 Jonathan Toews Alexander Barabanov Adam Lowry 25 1 2 2
4 Derick Brassard Eeli Tolvanen Evan Rodrigues 15 1 2 2
5 vs 5 Defense
Defense Defense Time % Phy DF OF
1 Rasmus Dahlin Gustav Forsling 35 1 2 2
2 Jamie Oleksiak Brandon Montour 35 1 2 2
3 Neal Pionk Justin Holl 30 1 2 2
4 Rasmus Dahlin Gustav Forsling 0 1 2 2
PowerPlay Forward
Center Left Wing Right Wing Time % Phy DF OF
1 Ryan Nugent-Hopkins Jeff Skinner Jack Hughes 50 1 2 2
2 Evgeni Malkin Alexander Barabanov Viktor Arvidsson 50 1 2 2
PowerPlay Defense
Defense Defense Time % Phy DF OF
1 Rasmus Dahlin Brandon Montour 50 1 2 2
2 Neal Pionk Gustav Forsling 50 1 2 2
Penalty Kill 4 Players Forward
Center Wing Time % Phy DF OF
1 Ryan Nugent-Hopkins Jack Hughes 50 1 2 2
2 Evgeni Malkin Adam Lowry 50 1 2 2
Penalty Kill 4 Players Defense
Defense Defense Time % Phy DF OF
1 Rasmus Dahlin Gustav Forsling 50 1 2 2
2 Jamie Oleksiak Brandon Montour 50 1 2 2
Penalty Kill - 3 Players Forward
Forward Time % Phy DF OF
1 Ryan Nugent-Hopkins 50 1 2 2
2 Evgeni Malkin 50 1 2 2
Penalty Kill - 3 Players Defense
Defense Defense Time % Phy DF OF
1 Rasmus Dahlin Gustav Forsling 50 1 2 2
2 Jamie Oleksiak Brandon Montour 50 1 2 2
4 vs 4 Forward
Center Wing Time % Phy DF OF
1 Ryan Nugent-Hopkins Jack Hughes 50 1 2 2
2 Evgeni Malkin Jeff Skinner 50 1 2 2
4 vs 4 Defense
Defense Defense Time % Phy DF OF
1 Rasmus Dahlin Brandon Montour 50 1 2 2
2 Jamie Oleksiak Gustav Forsling 50 1 2 2
Last Minutes Offensive
Center Left Wing Right Wing Defense Defense
Ryan Nugent-Hopkins Evgeni Malkin Jack Hughes Rasmus Dahlin Brandon Montour
Last Minutes Defensive
Center Left Wing Right Wing Defense Defense
Ryan Nugent-Hopkins Adam Lowry Jonathan Toews Justin Holl Jamie Oleksiak
Goaltenders
Starting : Antti Raanta
Backup : Stuart Skinner
Extra Forwards
Normal : Adam Lowry, Jonathan Toews, Evan Rodrigues - PP : Jeff Skinner, Jonathan Toews - PK : Adam Lowry
Extra Defensemen
Normal : Neal Pionk, Justin Holl, Rasmus Dahlin - PP : Neal Pionk - PK : Justin Holl, Rasmus Dahlin
Penalty Shots
Ryan Nugent-Hopkins, Evgeni Malkin, Rasmus Dahlin, Evan Rodrigues, Jack Hughes
% Time on Ice - Edmonton Oilers
Lines # - Real PCT - Wanted PCT - Time Play
Normal Forward
1 - 31% - 31% - 15:17
2 - 28% - 31% - 14:15
3 - 24% - 25% - 11:56
4 - 17% - 13% - 8:37
Normal Defense
1 - 34% - 32% - 17:10
2 - 33% - 32% - 16:21
3 - 27% - 26% - 13:20
4 - 6% - 10% - 3:14
PP Forward
1 - 50% - 50% - 2:00
2 - 50% - 50% - 1:58
PP Defense
1 - 50% - 50% - 1:58
2 - 50% - 50% - 2:00
PK Forward
1 - 48% - 50% - 2:51
2 - 52% - 50% - 3:06
PK Defense
1 - 69% - 55% - 4:05
2 - 31% - 45% - 1:52
PK3 Forward
1 - 0% - 50%
2 - 0% - 50%
PK3 Defense
1 - 0% - 55%
2 - 0% - 45%
44 Forward
1 - 0% - 50%
2 - 0% - 50%
44 Defense
1 - 0% - 50%
2 - 0% - 50%
Last Minute Offensive - 0:00
Last Minute Defensive - 0:00
Total
Forward - 60:00
Defense - 60:00
|
% Time on Ice - Minnesota North Stars
Lines # - Real PCT - Wanted PCT - Time Play
Normal Forward
1 - 29% - 30% - 14:21
2 - 28% - 30% - 13:57
3 - 24% - 25% - 12:03
4 - 19% - 15% - 9:44
Normal Defense
1 - 35% - 35% - 17:40
2 - 35% - 35% - 17:41
3 - 29% - 30% - 14:44
4 - 0% - 0% - 0:00
PP Forward
1 - 50% - 50% - 2:58
2 - 50% - 50% - 2:59
PP Defense
1 - 55% - 50% - 3:15
2 - 45% - 50% - 2:42
PK Forward
1 - 50% - 50% - 2:00
2 - 50% - 50% - 1:58
PK Defense
1 - 48% - 50% - 1:55
2 - 52% - 50% - 2:03
PK3 Forward
1 - 0% - 50%
2 - 0% - 50%
PK3 Defense
1 - 0% - 50%
2 - 0% - 50%
44 Forward
1 - 0% - 50%
2 - 0% - 50%
44 Defense
1 - 0% - 50%
2 - 0% - 50%
Last Minute Offensive - 0:00
Last Minute Defensive - 0:00
Total
Forward - 60:00
Defense - 60:00
|
Play-by-Play
1st period
0:01 of 1st period - Jamie Benn wins face-off versus Ryan Nugent-Hopkins in neutral zone.
0:04 of 1st period - Gustav Forsling is hit by David Perron and loses puck.
0:11 of 1st period - Jacob Trouba is hit by Gustav Forsling.
0:23 of 1st period - Minor Penalty to David Perron for Holding.
0:24 of 1st period - Mikael Backlund wins face-off versus Ryan Nugent-Hopkins in Edmonton Oilers zone.
0:24 of 1st period - Mikael Backlund is hit by Brandon Montour.
2:23 of 1st period - Penalty to David Perron is over, David Perron is back on ice.
2:30 of 1st period - Gustav Forsling is hit by Adrian Kempe and loses puck.
2:39 of 1st period - Wrist shot by Jamie Benn.
2:39 of 1st period - Deflect By Adrian Kempe.
2:39 of 1st period - Stopped by Antti Raanta with a rebound.
3:35 of 1st period - Jonathan Toews is hit by Jeff Carter.
3:45 of 1st period - Brandon Montour is hit by Adrian Kempe and loses puck.
3:56 of 1st period - Jamie Oleksiak is hit by Brandon Carlo and loses puck.
4:47 of 1st period - Justin Holl is hit by Boone Jenner and loses puck.
5:08 of 1st period - Jonathan Toews is hit by Brett Pesce and loses puck.
5:15 of 1st period - Wrist shot by Brock Boeser.
5:15 of 1st period - Shot Misses the Net.
6:32 of 1st period - Wrist shot by Derek Grant.
6:32 of 1st period - Stopped by Antti Raanta with a rebound.
6:47 of 1st period - Evan Rodrigues is hit by Adrian Kempe and loses puck.
7:02 of 1st period - Jonathan Toews is hit by Brandon Carlo.
7:36 of 1st period - Minor Penalty to Jake DeBrusk for Holding.
7:37 of 1st period - Evgeni Malkin wins face-off versus Jeff Carter in Edmonton Oilers zone.
7:38 of 1st period - Wrist shot by Viktor Arvidsson.
7:38 of 1st period - Deflect By Evgeni Malkin.
7:38 of 1st period - Shot Misses the Net.
7:38 of 1st period - Puck is out of play.
7:39 of 1st period - Evgeni Malkin wins face-off versus Jeff Carter in Edmonton Oilers zone.
7:40 of 1st period - Snap shot by Viktor Arvidsson.
7:40 of 1st period - Deflect By Alexander Barabanov.
7:40 of 1st period - Shot Misses the Net.
7:40 of 1st period - Puck is out of play.
7:41 of 1st period - Evgeni Malkin wins face-off versus Jeff Carter in Edmonton Oilers zone.
8:30 of 1st period - Viktor Arvidsson is hit by Jacob Trouba and loses puck.
9:09 of 1st period - Jacob Trouba is hit by Alexander Barabanov and loses puck.
9:36 of 1st period - Penalty to Jake DeBrusk is over, Jake DeBrusk is back on ice.
9:54 of 1st period - Snap shot by Adrian Kempe.
9:54 of 1st period - Stopped by Antti Raanta without a rebound.
9:55 of 1st period - Derick Brassard wins face-off versus Jamie Benn in Minnesota North Stars zone.
10:08 of 1st period - Neal Pionk is hit by Evan Bouchard and loses puck.
10:21 of 1st period - Jake DeBrusk is hit by Adam Lowry and loses puck.
10:36 of 1st period - Snap shot by Derek Grant.
10:36 of 1st period - Stopped by Antti Raanta without a rebound.
10:37 of 1st period - Derek Grant wins face-off versus Ryan Nugent-Hopkins in Minnesota North Stars zone.
11:04 of 1st period - Snap shot by Jeff Carter.
11:04 of 1st period - Stopped by Antti Raanta with a rebound.
11:06 of 1st period - Slapshot by Erik Johnson.
11:06 of 1st period - Shot Blocked by Evgeni Malkin.
11:08 of 1st period - Wrist shot by Jakob Silfverberg.
11:08 of 1st period - Deflect By Brock Boeser.
11:08 of 1st period - Shot Misses the Net.
11:08 of 1st period - Puck is out of play.
11:09 of 1st period - Jeff Carter wins face-off versus Evgeni Malkin in Minnesota North Stars zone.
11:10 of 1st period - Wrist shot by Brock Boeser.
11:10 of 1st period - Stopped by Antti Raanta with a rebound.
11:12 of 1st period - Slapshot by Brock Boeser.
11:12 of 1st period - Stopped by Antti Raanta with a rebound.
11:14 of 1st period - Slapshot by Evan Bouchard.
11:14 of 1st period - Shot Blocked by Evgeni Malkin.
11:16 of 1st period - Wrist shot by Jeff Carter.
11:16 of 1st period - Goal by Jeff Carter - Edmonton Oilers : 1 - Minnesota North Stars : 0.
11:17 of 1st period - Jake DeBrusk wins face-off versus Evgeni Malkin in neutral zone.
11:38 of 1st period - Mikael Backlund is hit by Brandon Montour and loses puck.
11:45 of 1st period - Wrist shot by Ryan Nugent-Hopkins.
11:45 of 1st period - Shot Misses the Net.
11:47 of 1st period - Snap shot by Rasmus Dahlin.
11:47 of 1st period - Stopped by Matt Murray with a rebound.
11:49 of 1st period - Snap shot by Ryan Nugent-Hopkins.
11:49 of 1st period - Stopped by Matt Murray with a rebound.
11:51 of 1st period - Snap shot by Ryan Nugent-Hopkins.
11:51 of 1st period - Shot Misses the Net.
12:18 of 1st period - Icing by Rasmus Dahlin.
12:19 of 1st period - Jamie Benn wins face-off versus Jonathan Toews in Minnesota North Stars zone.
12:54 of 1st period - Wrist shot by Jeff Carter.
12:54 of 1st period - Stopped by Antti Raanta with a rebound.
13:06 of 1st period - Snap shot by Eeli Tolvanen.
13:06 of 1st period - Stopped by Matt Murray with a rebound.
13:18 of 1st period - Wrist shot by Mikael Backlund.
13:18 of 1st period - Shot Blocked by Derick Brassard.
13:20 of 1st period - Snap shot by Jake DeBrusk.
13:20 of 1st period - Shot Misses the Net.
13:56 of 1st period - Wrist shot by Jakub Voracek.
13:56 of 1st period - Stopped by Antti Raanta without a rebound.
13:57 of 1st period - Evgeni Malkin wins face-off versus Derek Grant in Minnesota North Stars zone.
14:04 of 1st period - Backhand shot by Evgeni Malkin.
14:04 of 1st period - Stopped by Matt Murray with a rebound.
14:06 of 1st period - Snap shot by Viktor Arvidsson.
14:06 of 1st period - Stopped by Matt Murray with a rebound.
14:10 of 1st period - Snap shot by Viktor Arvidsson.
14:10 of 1st period - Stopped by Matt Murray with a rebound.
14:12 of 1st period - Slapshot by Neal Pionk.
14:12 of 1st period - Shot Misses the Net.
14:24 of 1st period - Justin Holl is hit by Mikael Backlund.
14:30 of 1st period - Boone Jenner is hit by Rasmus Dahlin.
15:04 of 1st period - Snap shot by Alexander Barabanov.
15:04 of 1st period - Shot Misses the Net.
15:08 of 1st period - Wrist shot by Jonathan Toews.
15:08 of 1st period - Stopped by Matt Murray with a rebound.
15:12 of 1st period - Snap shot by Jonathan Toews.
15:12 of 1st period - Stopped by Matt Murray with a rebound.
15:30 of 1st period - Evgeni Malkin is hit by Damon Severson and loses puck.
16:13 of 1st period - Slapshot by Brandon Montour.
16:13 of 1st period - Deflect By Jeff Carter.
16:13 of 1st period - Stopped by Matt Murray without a rebound.
16:14 of 1st period - Jamie Benn wins face-off versus Frank Vatrano in Edmonton Oilers zone.
16:16 of 1st period - Brandon Montour and David Perron fight to a draw.
16:16 of 1st period - Penalty to Brandon Montour for Fighting.
16:16 of 1st period - Penalty to David Perron for Fighting.
16:16 of 1st period - Penalty to Brandon Montour for instigated a fight.
16:16 of 1st period - Penalty to Brandon Montour for instigated a fight.
16:17 of 1st period - Ryan Nugent-Hopkins wins face-off versus Boone Jenner in Edmonton Oilers zone.
16:44 of 1st period - Gustav Forsling is hit by Jake DeBrusk and loses puck.
16:49 of 1st period - Wrist shot by Mikael Backlund.
16:49 of 1st period - Stopped by Antti Raanta without a rebound.
16:50 of 1st period - Evgeni Malkin wins face-off versus Mikael Backlund in Minnesota North Stars zone.
17:21 of 1st period - Wrist shot by Jamie Benn.
17:21 of 1st period - Shot Blocked by Jamie Oleksiak.
17:23 of 1st period - Slapshot by Damon Severson.
17:23 of 1st period - Shot Blocked by Jamie Oleksiak.
17:41 of 1st period - Snap shot by Adam Lowry.
17:41 of 1st period - Goal by Adam Lowry - Edmonton Oilers : 1 - Minnesota North Stars : 1.
17:42 of 1st period - Evgeni Malkin wins face-off versus Mikael Backlund in neutral zone.
17:46 of 1st period - Off-side.
17:47 of 1st period - Mikael Backlund wins face-off versus Evgeni Malkin in neutral zone.
18:16 of 1st period - Penalty to Brandon Montour is over, Adam Lowry is send on ice.
18:22 of 1st period - Wrist shot by Jamie Benn.
18:22 of 1st period - Shot Misses the Net.
19:28 of 1st period - Wrist shot by Dawson Mercer.
19:28 of 1st period - Stopped by Antti Raanta with a rebound.
19:30 of 1st period - Slapshot by Jacob Trouba.
19:30 of 1st period - Shot Misses the Net.
19:32 of 1st period - Snap shot by Derek Grant.
19:32 of 1st period - Shot Misses the Net.
19:34 of 1st period - Snap shot by Derek Grant.
19:34 of 1st period - Shot Misses the Net.
19:36 of 1st period - Wrist shot by Derek Grant.
19:36 of 1st period - Deflect By Jakub Voracek.
19:36 of 1st period - Stopped by Antti Raanta without a rebound.
19:37 of 1st period - Evgeni Malkin wins face-off versus Jamie Benn in Minnesota North Stars zone.
19:46 of 1st period - Snap shot by Viktor Arvidsson.
19:46 of 1st period - Shot Misses the Net.
19:48 of 1st period - Slapshot by Viktor Arvidsson.
19:48 of 1st period - Goal by Viktor Arvidsson - Edmonton Oilers : 1 - Minnesota North Stars : 2.
19:49 of 1st period - Mikael Backlund wins face-off versus Ryan Nugent-Hopkins in neutral zone.
Goals for this period are 1 for Edmonton Oilers vs 2 for Minnesota North Stars.
Shots for this period are 13 for Edmonton Oilers vs 11 for Minnesota North Stars.
2nd period
0:01 of 2nd period - Evgeni Malkin wins face-off versus Mikael Backlund in neutral zone.
0:04 of 2nd period - Mikael Backlund is hit by Rasmus Dahlin and loses puck.
0:15 of 2nd period - Snap shot by Viktor Arvidsson.
0:15 of 2nd period - Shot Misses the Net.
1:02 of 2nd period - Wrist shot by Dawson Mercer.
1:02 of 2nd period - Deflect By Jakub Voracek.
1:02 of 2nd period - Stopped by Antti Raanta with a rebound.
1:04 of 2nd period - Snap shot by Derek Grant.
1:04 of 2nd period - Deflect By Jakub Voracek.
1:04 of 2nd period - Stopped by Antti Raanta without a rebound.
1:05 of 2nd period - Derek Grant wins face-off versus Evgeni Malkin in Minnesota North Stars zone.
1:43 of 2nd period - Snap shot by Boone Jenner.
1:43 of 2nd period - Stopped by Antti Raanta with a rebound.
2:19 of 2nd period - Snap shot by Viktor Arvidsson.
2:19 of 2nd period - Shot Blocked by Jacob Trouba.
2:21 of 2nd period - Wrist shot by Evgeni Malkin.
2:21 of 2nd period - Shot Misses the Net.
2:56 of 2nd period - Off-side.
2:57 of 2nd period - Jonathan Toews wins face-off versus Jamie Benn in neutral zone.
3:08 of 2nd period - Wrist shot by Alexander Barabanov.
3:08 of 2nd period - Stopped by Matt Murray without a rebound.
3:09 of 2nd period - Ryan Nugent-Hopkins wins face-off versus Mikael Backlund in Edmonton Oilers zone.
3:12 of 2nd period - Slapshot by Jeff Skinner.
3:12 of 2nd period - Shot Misses the Net.
3:18 of 2nd period - Wrist shot by Ryan Nugent-Hopkins.
3:18 of 2nd period - Stopped by Matt Murray with a rebound.
3:36 of 2nd period - Wrist shot by Adrian Kempe.
3:36 of 2nd period - Stopped by Antti Raanta with a rebound.
3:52 of 2nd period - David Perron is hit by Frank Vatrano.
4:08 of 2nd period - Snap shot by Jeff Carter.
4:08 of 2nd period - Stopped by Antti Raanta without a rebound.
4:09 of 2nd period - Mikael Backlund wins face-off versus Ryan Nugent-Hopkins in Minnesota North Stars zone.
4:18 of 2nd period - Snap shot by Boone Jenner.
4:18 of 2nd period - Stopped by Antti Raanta without a rebound.
4:19 of 2nd period - Mikael Backlund wins face-off versus Ryan Nugent-Hopkins in Minnesota North Stars zone.
4:24 of 2nd period - Wrist shot by Boone Jenner.
4:24 of 2nd period - Shot Misses the Net.
4:32 of 2nd period - Jake DeBrusk is hit by Gustav Forsling.
4:44 of 2nd period - Wrist shot by Boone Jenner.
4:44 of 2nd period - Shot Blocked by Rasmus Dahlin.
5:19 of 2nd period - Brandon Carlo is hit by Jeff Skinner.
5:31 of 2nd period - Backhand shot by Ryan Nugent-Hopkins.
5:31 of 2nd period - Shot Misses the Net.
5:33 of 2nd period - Slapshot by Gustav Forsling.
5:33 of 2nd period - Stopped by Matt Murray without a rebound.
5:34 of 2nd period - Jeff Carter wins face-off versus Evgeni Malkin in Edmonton Oilers zone.
5:34 of 2nd period - Jeff Carter is hit by Neal Pionk.
5:44 of 2nd period - Neal Pionk is hit by Brett Pesce and loses puck.
6:01 of 2nd period - Alexander Barabanov is hit by Erik Johnson and loses puck.
6:22 of 2nd period - Snap shot by Dawson Mercer.
6:22 of 2nd period - Shot Blocked by Evan Rodrigues.
6:35 of 2nd period - Derek Grant is hit by Evgeni Malkin and loses puck.
7:29 of 2nd period - Jonathan Toews is hit by Brock Boeser.
7:58 of 2nd period - Icing by Damon Severson.
7:59 of 2nd period - Ryan Nugent-Hopkins wins face-off versus Boone Jenner in Edmonton Oilers zone.
8:00 of 2nd period - Wrist shot by Jeff Skinner.
8:00 of 2nd period - Shot Blocked by Damon Severson.
8:02 of 2nd period - Wrist shot by Jeff Skinner.
8:02 of 2nd period - Stopped by Matt Murray with a rebound.
8:04 of 2nd period - Snap shot by Rasmus Dahlin.
8:04 of 2nd period - Stopped by Matt Murray without a rebound.
8:05 of 2nd period - Mikael Backlund wins face-off versus Ryan Nugent-Hopkins in Edmonton Oilers zone.
9:24 of 2nd period - Snap shot by Jake DeBrusk.
9:24 of 2nd period - Stopped by Antti Raanta with a rebound.
9:26 of 2nd period - Snap shot by Jake DeBrusk.
9:26 of 2nd period - Shot Blocked by Ryan Nugent-Hopkins.
9:28 of 2nd period - Snap shot by Mikael Backlund.
9:28 of 2nd period - Stopped by Antti Raanta with a rebound.
9:38 of 2nd period - Erik Johnson is hit by Ryan Nugent-Hopkins.
9:57 of 2nd period - Wrist shot by Mikael Backlund.
9:57 of 2nd period - Deflect By Boone Jenner.
9:57 of 2nd period - Shot Blocked by Jamie Oleksiak.
9:57 of 2nd period - Puck is out of play.
9:58 of 2nd period - Jamie Benn wins face-off versus Evgeni Malkin in Minnesota North Stars zone.
10:03 of 2nd period - Slapshot by David Perron.
10:03 of 2nd period - Stopped by Antti Raanta with a rebound.
10:30 of 2nd period - Wrist shot by Brock Boeser.
10:30 of 2nd period - Shot Misses the Net.
10:32 of 2nd period - Slapshot by Jeff Carter.
10:32 of 2nd period - Stopped by Antti Raanta with a rebound.
10:34 of 2nd period - Snap shot by Jakob Silfverberg.
10:34 of 2nd period - Stopped by Antti Raanta with a rebound.
11:16 of 2nd period - 10 Minutes Misconduct Penalty to Brandon Montour is over.
11:45 of 2nd period - Adrian Kempe is hit by Evgeni Malkin.
11:55 of 2nd period - Slapshot by Jacob Trouba.
11:55 of 2nd period - Deflect By Brock Boeser.
11:55 of 2nd period - Shot Misses the Net.
11:55 of 2nd period - Puck is out of play.
11:56 of 2nd period - Jeff Carter wins face-off versus Jonathan Toews in Minnesota North Stars zone.
12:07 of 2nd period - Wrist shot by Jonathan Toews.
12:07 of 2nd period - Deflect By Alexander Barabanov.
12:07 of 2nd period - Stopped by Matt Murray with a rebound.
12:44 of 2nd period - Adrian Kempe is hit by Evan Rodrigues and loses puck.
12:51 of 2nd period - Backhand shot by Derick Brassard.
12:51 of 2nd period - Shot Blocked by David Perron.
12:53 of 2nd period - Snap shot by Derick Brassard.
12:53 of 2nd period - Stopped by Matt Murray with a rebound.
13:07 of 2nd period - Wrist shot by Rasmus Dahlin.
13:07 of 2nd period - Deflect By Alexander Barabanov.
13:07 of 2nd period - Shot Hit the Post.
13:07 of 2nd period - Puck is out of play.
13:08 of 2nd period - Jeff Carter wins face-off versus Jonathan Toews in Edmonton Oilers zone.
13:15 of 2nd period - Slapshot by Brock Boeser.
13:15 of 2nd period - Shot Blocked by Alexander Barabanov.
13:29 of 2nd period - Off-side.
13:30 of 2nd period - Evgeni Malkin wins face-off versus Mikael Backlund in neutral zone.
13:43 of 2nd period - Wrist shot by Boone Jenner.
13:43 of 2nd period - Stopped by Antti Raanta with a rebound.
13:57 of 2nd period - Brock Boeser is hit by Justin Holl and loses puck.
16:15 of 2nd period - Wrist shot by Eeli Tolvanen.
16:15 of 2nd period - Stopped by Matt Murray without a rebound.
16:16 of 2nd period - Evgeni Malkin wins face-off versus Jeff Carter in Edmonton Oilers zone.
16:41 of 2nd period - Snap shot by Jamie Benn.
16:41 of 2nd period - Stopped by Antti Raanta with a rebound.
16:43 of 2nd period - Wrist shot by Erik Johnson.
16:43 of 2nd period - Shot Misses the Net.
16:45 of 2nd period - Slapshot by Adrian Kempe.
16:45 of 2nd period - Stopped by Antti Raanta without a rebound.
16:46 of 2nd period - Jonathan Toews wins face-off versus Jamie Benn in Minnesota North Stars zone.
16:48 of 2nd period - Minor Penalty to Jonathan Toews for Tripping.
16:49 of 2nd period - Boone Jenner wins face-off versus Jack Hughes in Minnesota North Stars zone.
17:21 of 2nd period - Snap shot by Mikael Backlund.
17:21 of 2nd period - Shot Misses the Net.
18:05 of 2nd period - Gustav Forsling is hit by Jake DeBrusk.
18:48 of 2nd period - Penalty to Jonathan Toews is over, Jonathan Toews is back on ice.
Goals for this period are 0 for Edmonton Oilers vs 0 for Minnesota North Stars.
Shots for this period are 14 for Edmonton Oilers vs 8 for Minnesota North Stars.
3rd period
0:01 of 3rd period - Jamie Benn wins face-off versus Evgeni Malkin in neutral zone.
0:04 of 3rd period - Wrist shot by Adrian Kempe.
0:04 of 3rd period - Stopped by Antti Raanta without a rebound.
0:05 of 3rd period - Jamie Benn wins face-off versus Evgeni Malkin in Minnesota North Stars zone.
1:01 of 3rd period - Slapshot by Alexander Barabanov.
1:01 of 3rd period - Shot Misses the Net.
1:23 of 3rd period - Slapshot by Derick Brassard.
1:23 of 3rd period - Stopped by Matt Murray with a rebound.
1:33 of 3rd period - David Perron is hit by Justin Holl and loses puck.
2:47 of 3rd period - Jeff Carter is hit by Evan Rodrigues.
2:50 of 3rd period - Off-side.
2:51 of 3rd period - Evgeni Malkin wins face-off versus Jamie Benn in neutral zone.
3:02 of 3rd period - Snap shot by Evgeni Malkin.
3:02 of 3rd period - Stopped by Matt Murray with a rebound.
3:04 of 3rd period - Wrist shot by Evgeni Malkin.
3:04 of 3rd period - Shot Misses the Net.
3:06 of 3rd period - Slapshot by Rasmus Dahlin.
3:06 of 3rd period - Goal by Rasmus Dahlin - Edmonton Oilers : 1 - Minnesota North Stars : 3.
3:07 of 3rd period - Evgeni Malkin wins face-off versus Jamie Benn in neutral zone.
3:18 of 3rd period - Slapshot by David Perron.
3:18 of 3rd period - Stopped by Antti Raanta with a rebound.
3:20 of 3rd period - Slapshot by Evan Bouchard.
3:20 of 3rd period - Deflect By Adrian Kempe.
3:20 of 3rd period - Shot Misses the Net.
3:20 of 3rd period - Puck is out of play.
3:21 of 3rd period - Ryan Nugent-Hopkins wins face-off versus Mikael Backlund in Minnesota North Stars zone.
5:03 of 3rd period - Wrist shot by David Perron.
5:03 of 3rd period - Shot Misses the Net.
5:15 of 3rd period - Ryan Nugent-Hopkins is hit by Brett Pesce.
5:36 of 3rd period - Alexander Barabanov is hit by Jeff Carter.
5:56 of 3rd period - Wrist shot by Dawson Mercer.
5:56 of 3rd period - Stopped by Antti Raanta with a rebound.
6:02 of 3rd period - Dawson Mercer is hit by Justin Holl and loses puck.
6:21 of 3rd period - Damon Severson is hit by Brandon Montour and loses puck.
7:06 of 3rd period - Snap shot by Alexander Barabanov.
7:06 of 3rd period - Shot Blocked by Jakub Voracek.
7:08 of 3rd period - Minor Penalty to Brandon Carlo for Roughing.
7:09 of 3rd period - Jeff Carter wins face-off versus Evgeni Malkin in Edmonton Oilers zone.
7:20 of 3rd period - Backhand shot by Evgeni Malkin.
7:20 of 3rd period - Stopped by Matt Murray with a rebound.
7:46 of 3rd period - Slapshot by Ryan Nugent-Hopkins.
7:46 of 3rd period - Shot Misses the Net.
9:08 of 3rd period - Penalty to Brandon Carlo is over, Brandon Carlo is back on ice.
9:19 of 3rd period - Rasmus Dahlin is hit by David Perron and loses puck.
10:32 of 3rd period - Jamie Oleksiak is hit by Mikael Backlund and loses puck.
10:53 of 3rd period - Dawson Mercer is hit by Rasmus Dahlin and loses puck.
11:04 of 3rd period - Wrist shot by Derick Brassard.
11:04 of 3rd period - Stopped by Matt Murray with a rebound.
11:06 of 3rd period - Wrist shot by Derick Brassard.
11:06 of 3rd period - Stopped by Matt Murray without a rebound.
11:07 of 3rd period - Derick Brassard wins face-off versus Jamie Benn in Edmonton Oilers zone.
11:08 of 3rd period - Slapshot by Eeli Tolvanen.
11:08 of 3rd period - Stopped by Matt Murray without a rebound.
11:09 of 3rd period - Evgeni Malkin wins face-off versus Jamie Benn in Edmonton Oilers zone.
11:18 of 3rd period - Brandon Carlo is hit by Viktor Arvidsson and loses puck.
11:27 of 3rd period - Snap shot by David Perron.
11:27 of 3rd period - Stopped by Antti Raanta without a rebound.
11:28 of 3rd period - Mikael Backlund wins face-off versus Ryan Nugent-Hopkins in Minnesota North Stars zone.
11:33 of 3rd period - Wrist shot by Jake DeBrusk.
11:33 of 3rd period - Shot Misses the Net.
11:55 of 3rd period - Jamie Benn is hit by Evgeni Malkin and loses puck.
12:17 of 3rd period - Slapshot by Alexander Barabanov.
12:17 of 3rd period - Shot Misses the Net.
12:42 of 3rd period - Justin Holl is hit by Brandon Carlo and loses puck.
13:02 of 3rd period - Snap shot by Jeff Skinner.
13:02 of 3rd period - Stopped by Matt Murray without a rebound.
13:03 of 3rd period - Jamie Benn wins face-off versus Evgeni Malkin in Edmonton Oilers zone.
14:11 of 3rd period - Wrist shot by Evan Rodrigues.
14:11 of 3rd period - Shot Blocked by Jacob Trouba.
14:13 of 3rd period - Slapshot by Justin Holl.
14:13 of 3rd period - Shot Misses the Net.
14:19 of 3rd period - Snap shot by Eeli Tolvanen.
14:19 of 3rd period - Shot Misses the Net.
14:54 of 3rd period - Snap shot by Boone Jenner.
14:54 of 3rd period - Shot Misses the Net.
14:56 of 3rd period - Slapshot by Jacob Trouba.
14:56 of 3rd period - Shot Misses the Net.
15:00 of 3rd period - Wrist shot by Jake DeBrusk.
15:00 of 3rd period - Stopped by Antti Raanta without a rebound.
15:01 of 3rd period - Mikael Backlund wins face-off versus Jonathan Toews in Minnesota North Stars zone.
15:16 of 3rd period - Wrist shot by Alexander Barabanov.
15:16 of 3rd period - Shot Blocked by Evan Bouchard.
15:26 of 3rd period - Brock Boeser is hit by Jeff Skinner and loses puck.
17:06 of 3rd period - Evgeni Malkin is hit by Jamie Benn and loses puck.
17:21 of 3rd period - Damon Severson is hit by Alexander Barabanov and loses puck.
18:05 of 3rd period - Jack Hughes is hit by Brock Boeser and loses puck.
18:20 of 3rd period - Wrist shot by Jeff Skinner.
18:20 of 3rd period - Stopped by Matt Murray without a rebound.
18:21 of 3rd period - Evgeni Malkin wins face-off versus Jamie Benn in Edmonton Oilers zone.
18:22 of 3rd period - Wrist shot by Viktor Arvidsson.
18:22 of 3rd period - Stopped by Matt Murray without a rebound.
18:23 of 3rd period - Jamie Benn wins face-off versus Evgeni Malkin in Edmonton Oilers zone.
18:38 of 3rd period - Wrist shot by Jamie Benn.
18:38 of 3rd period - Shot Misses the Net.
18:40 of 3rd period - Wrist shot by Jamie Benn.
18:40 of 3rd period - Shot Blocked by Brandon Montour.
18:42 of 3rd period - Slapshot by Erik Johnson.
18:42 of 3rd period - Shot Hit the Post.
18:44 of 3rd period - Slapshot by Erik Johnson.
18:44 of 3rd period - Shot Misses the Net.
18:46 of 3rd period - Slapshot by Erik Johnson.
18:46 of 3rd period - Stopped by Antti Raanta without a rebound.
18:47 of 3rd period - Jonathan Toews wins face-off versus Jeff Carter in Minnesota North Stars zone.
18:56 of 3rd period - Brett Pesce is hit by Rasmus Dahlin and loses puck.
19:21 of 3rd period - Slapshot by Adrian Kempe.
19:21 of 3rd period - Stopped by Antti Raanta without a rebound.
19:22 of 3rd period - Adrian Kempe wins face-off versus Jonathan Toews in Minnesota North Stars zone.
Goals for this period are 0 for Edmonton Oilers vs 1 for Minnesota North Stars.
Shots for this period are 7 for Edmonton Oilers vs 10 for Minnesota North Stars.
Back to the Top